 Dungeon Crawl Stone Soup version 0.29.0-7-g18a832c13a (console) character file.

Game seed: 8656515073470379841

460 jejorda2 the Cutter (level 7, -5/35 HPs)
             Began as a Vine Stalker Berserker on Aug 31, 2022.
             Was a Believer of Trog.
             Killed by nerve-wracking pain
             ... invoked by a shadow imp
              (11 damage)
             ... on level 5 of the Dungeon.
             The game lasted 00:07:59 (3552 turns).

jejorda2 the Cutter (Vine Stalker Berserker)        Turns: 3552, Time: 00:08:00

Health: -5/35      AC: 14    Str: 21    XL:     7   Next: 7%
Magic:  0/8        EV:  6    Int:  7    God:    Trog [**....]
Gold:   285        SH:  0    Dex: 14    Spells: 6/6 levels left

rFire   . . .      SeeInvis .   a - +0 short sword (elec)
rCold   . . .      Faith    .   (no shield)
rNeg    . . .      Spirit   +   r - +0 plate armour
rPois   .          Reflect  .   f - +0 helmet
rElec   .          Harm     .   A - +2 cloak
rCorr   +          Rampage  .   (no gloves)
Will    .....                   (no boots)
Stlth   ..........              (no amulet)
HPRegen 0.91/turn               l - ring of flight
MPRegen 0.11/turn               o - ring of resist corrosion

@: flying
A: fangs 2, regeneration 1, magic shield, antimagic bite, no potion heal 2
a: Renounce Religion, Berserk, Trog's Hand


You were on level 5 of the Dungeon.
You worshipped Trog.
Trog was pleased with you.
You visited 1 branch of the dungeon, and saw 5 of its levels.

You collected 285 gold pieces.

Inventory:

Hand Weapons
 a - a +0 short sword of electrocution (weapon)
 u - a +0 dagger
Missiles
 d - 20 poisoned darts
 i - 5 javelins
 m - 26 stones (quivered)
Armour
 f - a +0 helmet (worn)
 r - a +0 plate armour (worn)
 A - a +2 cloak (worn)
Jewellery
 c - a ring of ice
 l - a ring of flight (left hand)
 o - a ring of resist corrosion (right hand)
 w - a ring of see invisible
Wands
 z - a wand of polymorph (7)
Scrolls
 e - 3 scrolls of identify {unknown}
 h - a scroll of torment {unknown}
 k - a scroll of summoning {unknown}
 n - 2 scrolls of enchant weapon {unknown}
 p - 2 scrolls of teleportation {unknown}
 s - a scroll of amnesia {unknown}
 y - a scroll of vulnerability {unknown}
 B - a scroll of silence {unknown}
Potions
 b - a potion of might {unknown}
 g - 2 potions of magic {unknown}
 j - a potion of curing {unknown}
 q - 2 potions of attraction {unknown}
 t - a potion of haste {unknown}
 v - a potion of degeneration {unknown}
 x - a potion of flight {unknown}
 C - a potion of lignification {unknown}


   Skills:
 - Level 2.6 Fighting
 + Level 7.1 Short Blades
 - Level 1.5 Armour
 - Level 1.5 Dodging


You had 6 spell levels left.
You didn't know any spells.
Your spell library was empty.

Dungeon Overview and Level Annotations

Branches:
Dungeon (5/15)
 Temple: D:4-7

Altars:


Innate Abilities, Weirdness & Mutations

You have extremely sharp teeth.
Your natural rate of healing is unusually fast.
When hurt, damage is shared between your health and your magic reserves.
Your bite disrupts and absorbs the magic of your enemies.
Potions cannot restore your health.


Message History

The shadow imp shouts, "Escape, thou yeasty boil-brained swadder!"
The shadow imp gestures at you. You resist with significant effort.
You closely miss the ufetubus.
The ufetubus hits you but does no damage. x2
The shadow imp gestures at you. Pain shoots through your body!
You completely miss the ufetubus. Your bite misses the ufetubus.
The ufetubus hits you but does no damage. x2
You hit the ufetubus. Your bite misses the ufetubus.
The ufetubus is moderately wounded.
The ufetubus barely misses you. The ufetubus hits you.
The ufetubus barely misses you.
The ufetubus hits you but does no damage.
You barely miss the ufetubus. You bite the ufetubus.
You kill the ufetubus!
Trog accepts your kill. The shadow imp gestures at you.
Pain shoots through your body!
You are too injured to fight recklessly!
You are too injured to fight recklessly!
You are too injured to fight recklessly!
You are too injured to fight recklessly!
The shadow imp hits you but does no damage.
You hit the shadow imp but do no damage.
You bite the shadow imp, but do no damage.
The shadow imp barely misses you.
You hit the shadow imp.
The shadow imp is lightly wounded.
You hit the shadow imp.
The shadow imp is heavily wounded.
The shadow imp gestures at you. Pain shoots through your body!
* * * LOW HITPOINT WARNING * * *
You barely miss the shadow imp. Your bite misses the shadow imp.
The shadow imp is heavily wounded.
An adder comes into view.
The shadow imp gestures at you. Pain shoots through your body!
You die...

...#.## ##
#........ ..
#.......# .##
..#.......# ...#..
...........###....
##.#........#...#
.(..........#.#
.............@#
.............5#
.............##
.............###
.................
.......<....$.....
...............5..
........S.........
....###...........


You could see an adder (wandering) and a shadow imp.

Vanquished Creatures
  2 scorpions (D:4)
  A hound (D:4)
  An orc priest (D:4)
  Crazy Yiuf (D:4)
  4 orc wizards (D:4)
  7 adders
  An ufetubus (D:5)
  2 worms
  A dart slug (D:3)
  4 orcs
  3 endoplasms
  3 giant cockroaches
  10 goblins
  11 hobgoblins
  4 jackals (D:3)
  4 kobolds
  4 ball pythons
  7 bats
  2 frilled lizards
  8 rats
80 creatures vanquished.

Notes
Turn   | Place    | Note
-------+----------+-------------------------------------------
     0 | D:1      | jejorda2 the Vine Stalker Berserker began the quest for the
                  | Orb.
     0 | D:1      | Reached XP level 1. HP: 11/11 MP: 2/2
     2 | D:1      | Noticed a human
     4 | D:1      | Noticed an elf
     4 | D:1      | Noticed a demonspawn
     6 | D:1      | Noticed a vampire
     8 | D:1      | Noticed an octopode
     8 | D:1      | Noticed a tengu
    10 | D:1      | Noticed a meteoran
    10 | D:1      | Noticed a troll
    12 | D:1      | Noticed a palentonga
    12 | D:1      | Noticed a merfolk
    14 | D:1      | Noticed a gargoyle
    14 | D:1      | Noticed a formicid
    16 | D:1      | Noticed a minotaur
    16 | D:1      | Noticed a spriggan
    18 | D:1      | Noticed a ghoul
    18 | D:1      | Noticed a draconian
    20 | D:1      | Noticed a felid
    20 | D:1      | Noticed a vine stalker
    22 | D:1      | Noticed an ogre
    24 | D:1      | Noticed a formicid
    24 | D:1      | Noticed a demigod
    26 | D:1      | Noticed a ghoul
    26 | D:1      | Noticed a vampire
   125 | D:1      | Reached skill level 3 in Short Blades
   483 | D:1      | Reached XP level 2. HP: 16/16 MP: 3/3
   636 | D:1      | Found a faded altar of an unknown god.
  1420 | D:2      | Reached XP level 3. HP: 19/19 MP: 4/4
  1471 | D:2      | Reached skill level 4 in Short Blades
  1537 | D:2      | Gained mutation: Your natural rate of healing is unusually
                  | fast. [Vine Stalker growth]
  1537 | D:2      | Reached XP level 4. HP: 21/23 MP: 3/5
  2428 | D:3      | Reached ** piety under Trog
  2785 | D:4      | Reached skill level 5 in Short Blades
  2785 | D:4      | Reached XP level 5. HP: 21/27 MP: 3/6
  2991 | D:4      | Reached XP level 6. HP: 32/32 MP: 7/7
  2992 | D:4      | Reached skill level 6 in Short Blades
  3165 | D:4      | Found a runed translucent door.
  3166 | D:4      | Noticed Crazy Yiuf
  3177 | D:4      | Killed Crazy Yiuf
  3178 | D:4      | Reached skill level 7 in Short Blades
  3178 | D:4      | Reached XP level 7. HP: 35/35 MP: 8/8
  3532 | D:5      | Entered Level 5 of the Dungeon
  3552 | D:5      | Killed from afar by a shadow imp

Illustrated notes

Levels and vault maps discovered:
D:1:      kb_arrival_jail, layout_rooms, serial_curves, eino_curves_03,
          eino_curves_03, shapermc_ecumenical_altar_hornbeckon
D:2:      layout_basic
D:3:      layout_loops_ring
D:4:      layout_loops_cross, uniq_crazy_yiuf_cottage
D:5:      layout_rooms, serial_shops, nicolae_lakefront_shop, uniq_edmund

Skill      XL: |  1  2  3  4  5  6 |
---------------+-------------------+-----
Short Blades   | 3 4 5 7 |  7.1
Fighting       | |  2.6
Armour         | |  1.5
Dodging        | |  1.5

Action                   |  1- 3 |  4- 6 |  7- 9 || total
-------------------------+-------+-------+-------++-------
Melee: Short sword       |    16 |    23 |    12 ||    51
       Dagger            |    88 |   168 |       ||   256
       Bite              |    26 |    48 |     2 ||    76
       Punch             |     1 |     3 |       ||     4
Throw: Dart              |     3 |       |       ||     3
       Stone             |       |     2 |       ||     2
Invok: Berserk           |     1 |     4 |       ||     5
       Trog's Hand       |       |     1 |       ||     1
 Stab: Sleeping          |       |     1 |       ||     1
Armor: Animal skin       |    10 |       |       ||    10
       Leather armour    |    13 |    17 |       ||    30
       Plate armour      |       |    86 |    11 ||    97
       Chain mail        |       |     8 |       ||     8
Dodge: Dodged            |    39 |    62 |     5 ||   106
